 Dungeon Crawl Stone Soup version 0.29-a0-847-g24c0ca63c9 (webtiles) character file.

Game seed: 13510292421469174041

67 Garessta the Grasshopper (level 4, -2/38 HPs)
             Began as a Gnoll Warper on July 16, 2022.
             Slain by Sigmund
             ... wielding a +0 scythe
              (10 damage)
             ... on level 2 of the Dungeon.
             The game lasted 00:03:24 (2097 turns).

Garessta the Grasshopper (Gnoll Warper)             Turns: 2097, Time: 00:03:25

Health: -2/38      AC:  3    Str: 10    XL:     4   Next: 18%
Magic:  11/11      EV: 14    Int: 12    God:
Gold:   74         SH:  0    Dex: 20    Spells: 11/13 levels left

rFire   . . .      SeeInvis .   a - +0 falchion
rCold   . . .      Faith    .   (no shield)
rNeg    . . .      Spirit   .   b - +0 leather armour
rPois   .          Reflect  +   (no helmet)
rElec   .          Harm     .   (no cloak)
rCorr   .          Rampage  .   (no gloves)
Will    .....                   (no boots)
Stlth   +.........              e - amulet of reflection
HPRegen 0.12/turn               n - +6 ring of dexterity
MPRegen 0.12/turn               (no ring)

@: confused
A: fangs 1, strong nose, distributed training
a: no special abilities


You were on level 2 of the Dungeon.
You visited 1 branch of the dungeon, and saw 2 of its levels.

You collected 74 gold pieces.

Inventory:

Hand Weapons
 a - a +0 falchion (weapon)
Missiles
 l - 3 stones (quivered)
Armour
 b - a +0 leather armour (worn)
Jewellery
 e - an amulet of reflection (around neck)
 n - a +6 ring of dexterity (left hand)
 o - a ring of fire
Scrolls
 c - a scroll of blinking
 h - 2 scrolls of identify {unknown}
 i - a scroll of magic mapping {unknown}
 j - a scroll of teleportation {unknown}
 m - a scroll of fog {unknown}
 r - a scroll of acquirement {unknown}
Potions
 f - 2 potions of curing {unknown}
 g - a potion of haste {unknown}
 k - 2 potions of magic {unknown}
 p - a potion of lignification {unknown}
 q - 2 potions of might {unknown}


   Skills:
 + Level 4.6 Fighting
 + Level 1.1 Short Blades
 + Level 4.6 Long Blades
 + Level 1.1 Axes
 + Level 1.1 Maces & Flails
 + Level 1.1 Polearms
 + Level 1.1 Staves
 + Level 1.1 Ranged Weapons
 + Level 2.7 Throwing
 + Level 2.7 Armour
 + Level 4.6 Dodging
 + Level 1.1 Stealth
 + Level 1.1 Shields
 + Level 1.1 Unarmed Combat
 + Level 5.0 Spellcasting
 + Level 0.8 Conjurations
 + Level 0.8 Hexes
 + Level 0.8 Summonings
 + Level 0.8 Necromancy
 + Level 5.4 Translocations
 + Level 0.8 Transmutations
 + Level 0.8 Fire Magic
 + Level 0.8 Ice Magic
 + Level 0.8 Air Magic
 + Level 0.8 Earth Magic
 + Level 0.8 Poison Magic
 + Level 1.2 Invocations
 + Level 1.1 Evocations


You had 11 spell levels left.
You knew the following spells:

 Your Spells              Type           Power      Damage    Failure   Level
a - Blink                 Tloc           32%        N/A       4%          2

Your spell library contained the following spells:

 Spells                   Type           Power      Damage    Failure   Level
 Gell's Gravitas          Tloc           16%        N/A       9%          3
 Lesser Beckoning         Tloc           16%        N/A       9%          3
 Teleport Other           Tloc           16%        N/A       9%          3
 Sandblast                Erth           10%        2d5       19%         1
 Passwall                 Tmut/Erth      4%         N/A       28%         2
 Stone Arrow              Conj/Erth      10%        3d7       50%         3
 Manifold Assault         Tloc           16%        N/A       58%         5


Dungeon Overview and Level Annotations

Branches:
Dungeon (2/15)

Altars:

Annotations:
D:2 Sigmund


Innate Abilities, Weirdness & Mutations

You have very sharp teeth.
Your uncanny sense of smell can sniff out nearby items.
Your experience applies equally to all skills.


Message History

You throw a boomerang of dispersal.
The boomerang of dispersal hits Sigmund.
Sigmund blinks!
Sigmund is lightly wounded.
Sigmund's eyes start glowing with a red light.
Throw: 2 boomerangs (disperse)
Press: ? - help, Q - select action, (/) - cycle Shift-Dir - straight line, f/p - Sigmund
Aim: Sigmund, wielding a +0 scythe and wearing a +0 robe (lightly wounded, 62% to hit)
You throw a boomerang of dispersal.
The boomerang of dispersal hits Sigmund.
Sigmund blinks!
Sigmund is moderately wounded.
Throw: boomerang (disperse)
Press: ? - help, Q - select action, (/) - cycle Shift-Dir - straight line, f/p - Sigmund
Aim: Sigmund, wielding a +0 scythe and wearing a +0 robe (moderately wounded, 62% to hit)
You throw a boomerang of dispersal.
The boomerang of dispersal hits Sigmund.
Sigmund blinks!
Sigmund is moderately wounded.
Throw: 4 stones
Press: ? - help, Q - select action, (/) - cycle Shift-Dir - straight line, f/p - Sigmund
Aim: Sigmund, wielding a +0 scythe and wearing a +0 robe (moderately wounded, 62% to hit)
You throw a stone. The stone hits Sigmund.
Sigmund is moderately wounded.
Sigmund points at you and mumbles some strange words.
The puff of flame hits you! Sigmund closely misses you.
You barely miss Sigmund.
Sigmund is moderately wounded.
You hit Sigmund. You bite Sigmund.
Sigmund is heavily wounded.
Sigmund points at you and mumbles some strange words.
You are confused.
Sigmund gestures at you while chanting. The magic dart hits you!
* * * LOW HITPOINT WARNING * * *
You closely miss Sigmund.
Sigmund is heavily wounded.
Sigmund hits you with a +0 scythe!
You die...

.##.......############...........
.#####....# #.. ............. .#
#.#### #.# ####........## .# #.#
#.# #........# ######.# #.#
#####....# .......# #.# #....#
######## #####.##########....#
#..............#....#
#....@.#######.#....# #.....@#
#.##...# #......# #.##..##
######## #.###.## #.# #..#
#######'####.## .........# #..#
.........####)# ......†..'.....


You could see Sigmund.

Vanquished Creatures
  An adder (D:2)
  A worm (D:2)
  2 dart slugs
  2 ball pythons
  4 endoplasms
  3 giant cockroaches
  5 goblins
  8 hobgoblins
  3 quokkas
  3 bats
  5 frilled lizards
  3 kobolds
  6 rats
46 creatures vanquished.

Notes
Turn   | Place    | Note
-------+----------+-------------------------------------------
     0 | D:1      | Garessta the Gnoll Warper began the quest for the Orb.
     0 | D:1      | Reached XP level 1. HP: 20/20 MP: 6/6
   160 | D:1      | Reached XP level 2. HP: 12/26 MP: 7/7
   345 | D:1      | Learned a level 2 spell: Blink
   603 | D:1      | Reached skill level 5 in Spellcasting
   603 | D:1      | Reached XP level 3. HP: 27/31 MP: 7/9
   924 | D:1      | Found a faded altar of an unknown god.
  1098 | D:2      | Reached skill level 1 in Invocations
  1291 | D:2      | Reached skill level 1 in Short Blades
  1291 | D:2      | Reached skill level 1 in Axes
  1291 | D:2      | Reached skill level 1 in Maces & Flails
  1291 | D:2      | Reached skill level 1 in Polearms
  1291 | D:2      | Reached skill level 1 in Staves
  1291 | D:2      | Reached skill level 1 in Ranged Weapons
  1291 | D:2      | Reached skill level 1 in Stealth
  1291 | D:2      | Reached skill level 1 in Shields
  1291 | D:2      | Reached skill level 1 in Unarmed Combat
  1291 | D:2      | Reached skill level 1 in Evocations
  1479 | D:2      | Reached XP level 4. HP: 34/38 MP: 11/11
  2086 | D:2      | Noticed Sigmund
  2097 | D:2      | Slain by Sigmund

Illustrated notes

Levels and vault maps discovered:
D:1:      scummos_arrival_simple_crosswalls, layout_loops_cross,
          chequers_ecumenical_altar_lobes, minivault_24
D:2:      layout_basic, kennysheep_generic_room_3, uniq_sigmund

Skill      XL: |  1  2  3 |
---------------+----------+-----
Spellcasting   | 5 |  5.0
Invocations    | 1 |  1.2
Short Blades   | 1 |  1.1
Axes           | 1 |  1.1
Maces & Flails | 1 |  1.1
Polearms       | 1 |  1.1
Staves         | 1 |  1.1
Ranged Weapons | 1 |  1.1
Stealth        | 1 |  1.1
Shields        | 1 |  1.1
Unarmed Combat | 1 |  1.1
Evocations     | 1 |  1.1
Fighting       | |  4.6
Long Blades    | |  4.6
Throwing       | |  2.7
Armour         | |  2.7
Dodging        | |  4.6
Conjurations   | |  0.8
Hexes          | |  0.8
Summonings     | |  0.8
Necromancy     | |  0.8
Translocations | |  5.4
Transmutations | |  0.8
Fire Magic     | |  0.8
Ice Magic      | |  0.8
Air Magic      | |  0.8
Earth Magic    | |  0.8
Poison Magic   | |  0.8

Action                   |  1- 3 |  4- 6 || total
-------------------------+-------+-------++-------
Melee: Falchion          |   114 |    18 ||   132
       Bite              |     5 |     4 ||     9
       Punch             |     1 |     1 ||     2
Throw: Stone             |     8 |     6 ||    14
       Boomerang         |     2 |     5 ||     7
 Stab: Sleeping          |     3 |     1 ||     4
Armor: Leather armour    |    17 |     2 ||    19
Dodge: Dodged            |    73 |     1 ||    74
Block: Other             |     8 |     4 ||    12
       Reflection        |     1 |       ||     1

Table legend: (Time is in decaauts)
 A = Elapsed time spent in this place.
 B = Non-inter-level travel time spent in this place.
 C = Inter-level travel time spent in this place.
 D = Time resting spent in this place.
 E = Time spent auto-exploring this place.
 F = Levels seen in this place.
 G = Mean time per level.
                   A        B        C        D        E       F      G
               +--------+--------+--------+--------+--------+-----+--------+
         Total |   2107 |   2077 |     30 |    162 |   1585 |   2 | 1053.5 |
       Dungeon |   2107 |   2077 |     30 |    162 |   1585 |   2 | 1053.5 |
               +--------+--------+--------+--------+--------+-----+--------+

Top non-repeatable levels by time:
     D:1: 1055 daAuts
     D:2: 1052 daAuts
